 Dungeon Crawl Stone Soup version 0.29.1-15-g9cfb28693d (webtiles) character file.

Game seed: 235686454318732780

691 leafyfresh the Covert (level 7, -4/50 HPs)
             Began as an Octopode Delver on Mar 13, 2023.
             Was a Follower of Ashenzari.
             Slain by a black bear (7 damage)
             ... on level 4 of the Dungeon.
             The game lasted 00:08:24 (5333 turns).

leafyfresh the Covert (Octopode Delver)             Turns: 5333, Time: 00:08:25

Health: -4/50      AC:  1    Str: 11    XL:     7   Next: 63%
Magic:  7/7        EV: 16    Int: 17    God:    Ashenzari [*.....]
Gold:   288        SH:  0    Dex: 19    Spells: 4/6 levels left

rFire   + . .      SeeInvis .   v - +8 short sword (chaos)
rCold   . . .      Faith    .   (no shield)
rNeg    + . .      Spirit   .   (helmet restricted)
rPois   .          Reflect  .   (no amulet)
rElec   .          Harm     .   i - ring of Efrenog {Int+2 Dex+6}
rCorr   .          Rampage  .   l - ring "Profound Monotheism" {rC+, Bglg, Alch} (curse)
Will    .....                   m - ring "Share My Augurer" {Fire, Bglg, Comp} (curse)
Stlth   +++++.....              B - ring of positive energy
HPRegen 0.16/turn               (no ring)
MPRegen 0.10/turn               (no ring)
                                (no ring)
                                (no ring)

@: no status effects
A: almost no armour, amphibious, 8 rings, camouflage 1, gelatinous body 1,
(nimble swimmer 1), tentacles
a: Renounce Religion, Shatter the Chains


You were on level 4 of the Dungeon.
You worshipped Ashenzari.
Ashenzari was aware of your devotion.
You visited 1 branch of the dungeon, and saw 5 of its levels.

You collected 288 gold pieces.

Inventory:

Hand Weapons
 v - a +8 short sword of chaos (weapon)
Missiles
 A - 2 curare-tipped darts (quivered)
Magical Staves
 n - a staff of air
Jewellery
 a - a ring of protection from fire
 i - the ring of Efrenog (left tentacle) {Int+2 Dex+6}
   (You found it on level 4 of the Dungeon)

   [ring of dexterity]

   Int:       It affects your intelligence (+2).
   Dex:       It affects your dexterity (+6).
 l - the cursed ring "Profound Monotheism" (right tentacle) {rC+, Bglg, Alch}
   (You found it on level 3 of the Dungeon)

   [ring of protection from cold]

   rC:        It protects you from cold.
   It has a curse which improves the following skills: Beguiling: Conjurations,
   Hexes and Translocations.
   Alchemy:   Poison Magic and Transmutations.
 m - the cursed ring "Share My Augurer" (on tentacle) {Fire, Bglg, Comp}
   (You found it on level 3 of the Dungeon)

   [ring of fire]

   It enhances your fire magic.
   rF:        It protects you from fire.
   rC:        It makes you vulnerable to cold.
   It has a curse which improves the following skills: Beguiling: Conjurations,
   Hexes and Translocations.
   Companions: Summonings and Necromancy.
 B - a ring of positive energy (on tentacle)
Wands
 f - a wand of digging (3)
 k - a wand of polymorph (11)
Scrolls
 b - 3 scrolls of fog
 c - a scroll of magic mapping
 p - 4 scrolls of teleportation
 r - a scroll of torment
 u - 5 scrolls of identify
 x - a scroll of blinking
 C - a scroll of vulnerability
 F - a scroll of poison
Potions
 e - 2 potions of haste
 g - 3 potions of attraction
 h - 2 potions of flight
 j - 2 potions of might
 q - 2 potions of berserk rage
 s - 3 potions of resistance
 t - a potion of brilliance
 w - 5 potions of curing
 D - 3 potions of heal wounds
 E - 4 potions of mutation


   Skills:
 + Level 5.5 Fighting
 - Level 2.0(2.1) Short Blades
 + Level 0.8(1.5) Long Blades
 + Level 5.0 Dodging
 - Level 9.2 Stealth


You had 4 spell levels left.
You knew the following spells:

 Your Spells              Type           Power      Damage    Failure   Level
a - Blink                 Tloc           0%         N/A       34%         2

Your spell library contained the following spells:

 Spells                   Type           Power      Damage    Failure   Level
 Shock                    Conj/Air       0%         1d3       24%         1
 Frozen Ramparts          Ice            0%         1d1       56%         3
 Lesser Beckoning         Tloc           0%         N/A       56%         3
 Swiftness                Air            0%         N/A       56%         3
 Airstrike                Air            0%         2d(0-16)  93%         4
 Ice Form                 Ice/Tmut       0%         N/A       93%         4
 Summon Ice Beast         Ice/Summ       0%         N/A       93%         4
 Manifold Assault         Tloc           0%         N/A       99%         5
 Borgnjor's Revivificati  Necr           0%         N/A       100%        8
 Necromutation            Tmut/Necr      0%         N/A       100%        8
 Death's Door             Necr           0%         N/A       100%        9


Dungeon Overview and Level Annotations

Branches:
Dungeon (5/15)
 Temple: D:4-7

Altars:
Ashenzari
Fedhas
Okawaru

Shops:
D:3 ([


Innate Abilities, Weirdness & Mutations

You cannot wear most types of armour.
You are amphibious.
You can wear up to eight rings at the same time.
Your skin changes colour to match your surroundings (Stealth+).
Your rubbery body absorbs attacks. (AC +1, EV +1)
((You are camouflaged when in or above water. (Stealth+)))
You have tentacles for arms and can constrict up to eight enemies at once.


Message History

You barely miss the iguana. You grab the iguana. You constrict the iguana.
The iguana bites you! The black bear barely misses you.
The black bear closely misses you. The black bear completely misses you.
Unknown command.
You release your grip on the iguana.
The iguana bites you! The black bear misses you. The black bear claws you.
The black bear closely misses you.
You climb upwards.
There is a stone staircase leading down here.
Unknown command.
You barely miss the black bear. You grab the black bear.
You constrict the black bear. The iguana barely misses you.
The black bear closely misses you. The black bear claws you.
The black bear claws you but does no damage.
Unknown command.
You puncture the black bear!
You squeeze the black bear, but do no damage.
The black bear is heavily wounded.
You constrict the black bear. The iguana barely misses you.
The black bear misses you.
The black bear claws you but does no damage.
The black bear closely misses you.
You puncture the black bear!
The black bear is poisoned.
The black bear is severely wounded.
You constrict the black bear, but do no damage.
The iguana bites you.
* * * LOW HITPOINT WARNING * * *
The black bear goes berserk!
Unknown command.
You hit the black bear. You freeze the black bear.
The black bear is almost dead.
You constrict the black bear. The black bear misses you.
The black bear claws you.
* * * LOW HITPOINT WARNING * * *
The black bear completely misses you. The iguana completely misses you.
The black bear bites you but does no damage.
The black bear claws you.
* * * LOW HITPOINT WARNING * * *
The black bear claws you!
You die...

#.......#..#..#.#
#.#######
#.......#.###...# ###.#
#.#.#.....).....#
####...#
#.#.#.....~.....#
#....###
#.###.~.~~~~~...###.####
.....~~#~#~####.##..#
.####~~~~~~~~~#.##.##
...##########~#l...#
##.# #~#~~~~~~##@### #.#
#~#~#~#####h# ##.#
#~#†#~~~~##.#
.#.###~#†#~##~##.#
.#...#~#~#~~#~##.#
.###.#~#~##~#~##.#
.#...#~~~##~#†##.#
.#.#####~#.~#†##.# ...#
########..#


You could see a black bear (berserk, very poisoned) and an iguana.

Vanquished Creatures
  A black bear (D:4)
  An ogre (D:4)
  A kobold brigand (D:3)
  A scorpion (D:4)
  A jelly (D:4)
  An orc priest (D:4)
  Ijyb (D:3)
  An iguana (D:4)
  3 orc wizards (D:4)
  6 adders
  3 river rats (D:4)
  An ufetubus (D:5)
  2 worms (D:4)
  2 dart slugs
  10 orcs (D:4)
  6 ball pythons
  12 endoplasms
  2 giant cockroaches (D:4)
  7 goblins
  8 hobgoblins
  10 jackals
  16 kobolds
  2 quokkas
  4 bats
  2 frilled lizards
  4 rats
108 creatures vanquished.

Notes
Turn   | Place    | Note
-------+----------+-------------------------------------------
     0 | D:5      | leafyfresh the Octopode Delver began the quest for the Orb.
     0 | D:5      | Reached XP level 1. HP: 16/16 MP: 1/1
    69 | D:5      | Noticed an iguana
    69 | D:5      | Noticed a black bear
    82 | D:4      | Reached XP level 2. HP: 21/21 MP: 2/2
   214 | D:4      | Identified the ring of Efrenog {Int+2 Dex+6}
   278 | D:3      | Found a blossoming altar of Fedhas.
   316 | D:3      | Noticed Ijyb
   318 | D:3      | Killed Ijyb
   319 | D:3      | Reached skill level 7 in Stealth
   319 | D:3      | Reached XP level 3. HP: 26/26 MP: 3/3
   377 | D:3      | Found Hisop's Armour Emporium.
   397 | D:2      | Learned a level 2 spell: Blink
   677 | D:2      | Reached XP level 4. HP: 32/32 MP: 4/4
  1409 | D:3      | Found Cicialum's Antique Weapon Shoppe.
  1621 | D:3      | Found an iron altar of Okawaru.
  1649 | D:3      | Found a broken altar of Ashenzari.
  1660 | D:3      | Became a worshipper of Ashenzari the Shackled
  1796 | D:3      | Noticed a kobold brigand
  1805 | D:3      | Killed a kobold brigand
  1806 | D:3      | Reached XP level 5. HP: 21/37 MP: 5/5
  2482 | D:1      | Reached skill level 8 in Stealth
  2727 | D:1      | Found a faded altar of an unknown god.
  3260 | D:4      | Reached XP level 6. HP: 44/44 MP: 6/6
  3912 | D:4      | Reached * piety under Ashenzari
  4135 | D:4      | Reached skill level 5 in Fighting
  4138 | D:4      | Reached XP level 7. HP: 50/50 MP: 7/7
  4148 | D:4      | Reached skill level 9 in Stealth
  5215 | D:4      | Reached skill level 5 in Dodging
  5333 | D:4      | Slain by a black bear

Illustrated notes

Levels and vault maps discovered:
D:1:      amcnicky_arrival_underground_garden, layout_basic,
          shapermc_ecumenical_altar_mp_ritualfount, serial_corexii_hall,
          corexii_hall_statues_s, corexii_hall_statues_x
D:2:      layout_loops_ring
D:3:      cheibrodos_thug_alley, layout_rooms, mainiacjoe_overflow_two_lobes,
          mainiacjoe_overflow_24_doors, serial_shops, shop_statue,
          nicolae_shop_advertising_works [nicolae_subvault_shop_adworks],
          uniq_ijyb
D:4:      minmay_thinvault, layout_basic, lightli_sewer_entry_pipes
D:5:      layout_loops_ring, minmay_temple_entry_sparse_star, minmay_pentangle,
          uniq_grinder

Skill      XL: |  1  2  3  4  5  6  7 |
---------------+----------------------+-----
Stealth        | 7 8 9 |  9.2
Dodging        | 3 4 5 |  5.0
Fighting       | 4 5 |  5.5
Short Blades   | |  2.0
Long Blades    | |  0.8

Action                   |  1- 3 |  4- 6 |  7- 9 || total
-------------------------+-------+-------+-------++-------
Melee: Short sword       |    24 |   120 |    32 ||   176
       Constrict         |     4 |    26 |     5 ||    35
       Tentacles         |     2 |    20 |     4 ||    26
       Punch             |       |     1 |     1 ||     2
Invok: Curse Item        |       |     2 |       ||     2
  Use: Scroll            |       |     4 |     1 ||     5
 Stab: Sleeping          |     9 |    27 |     8 ||    44
       Distracted        |       |     1 |       ||     1
       Fleeing           |       |       |     1 ||     1
Armor: Skin              |     3 |     3 |     7 ||    13
Dodge: Dodged            |    10 |    56 |    31 ||    97
